 Dungeon Crawl Stone Soup version 0.27-a0-668-gb5737ff2c0 (webtiles) character file.

Game seed: 13441958231752558311

422 spiderkeys the Poker (level 6, -4/50 (53) HPs)
             Began as a Minotaur Berserker on Mar 17, 2021.
             Was a Priest of Trog.
             Killed by divine providence
             ... invoked by an orc priest
              (13 damage)
             ... on level 3 of the Dungeon.
             The game lasted 00:03:15 (3374 turns).

spiderkeys the Poker (Minotaur Berserker)           Turns: 3374, Time: 00:03:16

HP:   -4/50 (53)    AC:  5    Str: 24    XL:     6   Next: 63%
MP:   5/5           EV:  7    Int:  4    God:    Trog [***...]
Gold: 128           SH: 14    Dex:  9    Spells: 5/5 levels left

rFire    . . .     SeeInvis .   a - +0 spear
rCold    . . .     Faith    .   e - +0 tower shield
rNeg     . . .     Spirit   .   k - +0 ring mail
rPois    .         Reflect  .   (helmet restricted)
rElec    .         Harm     .   (no cloak)
rCorr    .         Rampage  .   (no gloves)
Will     .....                  (no boots)
Stlth    ..........             (no amulet)
HPRegen  0.16/turn              (no ring)
MPRegen  0.09/turn              (no ring)

@: berserk cooldown, slowed, drained, very slow
A: horns 2, retaliatory headbutt
a: Renounce Religion, Berserk, Trog's Hand


You were on level 3 of the Dungeon.
You worshipped Trog.
Trog was most pleased with you.
You visited 1 branch of the dungeon, and saw 3 of its levels.

You collected 128 gold pieces.

Inventory:

Hand Weapons
 a - a +0 spear (weapon)
Armour
 e - a +0 tower shield (worn)
 k - a +0 ring mail (worn)
Scrolls
 f - 3 scrolls of identify {unknown}
 j - a scroll of random uselessness {unknown}
 l - 2 scrolls of teleportation {unknown}
 n - a scroll of blinking {unknown}
Potions
 b - a potion of degeneration {unknown}
 c - a potion of lignification {unknown}
 d - a potion of mutation {unknown}
 g - a potion of haste {unknown}
 h - a potion of berserk rage {unknown}
 i - a potion of ambrosia {unknown}
 m - a potion of invisibility {unknown}


   Skills:
 + Level 4.7 Fighting
 * Level 6.2 Polearms
 + Level 4.2 Armour
 + Level 3.7 Dodging
 + Level 2.7 Shields


You had 5 spell levels left.
You didn't know any spells.
Your spell library was empty.

Dungeon Overview and Level Annotations

Branches:
Dungeon (3/15)

Altars:
Sif Muna


Innate Abilities, Weirdness & Mutations

You have a pair of horns on your head.
You reflexively headbutt those who attack you in melee.


Message History

The magic dart hits you!
Your shield and ring mail prevent you from hitting something.
You hear some strange, mumbled words.
Something tries to affect you, but you resist.
You barely miss something. Something hits you.
* * * LOW HITPOINT WARNING * * *
You feel drained.
* * * LOW HITPOINT WARNING * * *
You hit something but do no damage. Something hits you.
* * * LOW HITPOINT WARNING * * *
You feel drained.
* * * LOW HITPOINT WARNING * * *
You puncture something! Trog accepts your kill.
Trog appreciates your killing of a magic user.
Reactivating autopickup.
You feel a bit more experienced. The orc hits you with a +0 dagger.
* * * LOW HITPOINT WARNING * * *
Items here: ) [[ ††.
Your shield prevents you from hitting the orc.
Your headbutt misses the orc.
You are no longer berserk.
You are exhausted.
You feel yourself slow down. You block the orc's attack.
You closely miss the orc. The orc closely misses you. You furiously retaliate!
You headbutt the orc, but do no damage. You block the orc's attack.
You hit the orc.
The orc is heavily wounded.
The orc hits you but does no damage. You block the orc's attack.
Okay, then.
You hit the orc.
You kill the orc!
Trog accepts your kill.
You hit the orc priest.
The orc priest is moderately wounded.
You block the orc priest's attack.
The orc priest calls down the wrath of Beogh upon you.
Beogh smites you!
You die...

### ..# ####.#####.####
......o@.†....# ####.#####.##.#
#.##.# ####### #.##.#
#.....##+#####'##.#
#.................######.
######........................
......................######..##
######...............†'..†......


You could see an orc priest.

Vanquished Creatures
  Sigmund (D:3)
  Purgy (D:3)
  An orc wizard (D:3)
  Robin (D:2)
  4 adders
  An ooze (D:1)
  A dart slug (D:2)
  8 leopard geckos
  2 orcs (D:3)
  5 bats
  3 giant cockroaches (D:2)
  12 goblins
  9 hobgoblins
  7 jackals
  4 quokkas
  4 ball pythons (D:1)
  12 frilled lizards
  4 kobolds
  8 rats
88 creatures vanquished.

Vanquished Creatures (others)
  7 plants (D:2)
7 creatures vanquished.

Grand Total: 95 creatures vanquished

Notes
Turn   | Place    | Note
-------+----------+-------------------------------------------
     0 | D:1      | spiderkeys the Minotaur Berserker began the quest for the
                  | Orb.
     0 | D:1      | Reached XP level 1. HP: 19/19 MP: 0/0
    69 | D:1      | Reached XP level 2. HP: 27/27 MP: 1/1
    74 | D:1      | Reached skill level 4 in Polearms
   384 | D:1      | Reached XP level 3. HP: 33/33 MP: 2/2
   513 | D:1      | Reached ** piety under Trog
  1533 | D:2      | Reached XP level 4. HP: 39/40 MP: 3/3
  1709 | D:2      | Noticed Robin
  1715 | D:2      | Reached skill level 1 in Shields
  1726 | D:2      | Killed Robin
  2364 | D:2      | Reached skill level 5 in Polearms
  2373 | D:2      | Reached *** piety under Trog
  2693 | D:2      | Found a shimmering blue altar of Sif Muna.
  2996 | D:3      | Noticed Sigmund
  3012 | D:3      | Killed Sigmund
  3013 | D:3      | Reached XP level 5. HP: 7/47 MP: 4/4
  3013 | D:3      | Reached XP level 6. HP: 8/53 MP: 5/5
  3342 | D:3      | Noticed Purgy
  3361 | D:3      | Killed Purgy
  3362 | D:3      | Reached skill level 6 in Polearms
  3374 | D:3      | Killed from afar by an orc priest

Illustrated notes

Levels and vault maps discovered:
D:1:      mainiacjoe_arrival_reflecting_pool, layout_rooms, minmay_misc_feat_x,
          solitary_fountain, minmay_stone_trees_medium, minmay_misc_feat_alley
D:2:      layout_basic, nicolae_sif_muna_condensation, minmay_lizard_king,
          uniq_robin
D:3:      layout_basic, uniq_grinder, uniq_sigmund, uniq_purgy

Skill      XL: |  1  2  3  4  5  6 |
---------------+-------------------+-----
Polearms       | 4 5 6 |  6.2
Fighting       | 4 |  4.7
Armour         | 3 4 |  4.2
Shields        | 2 |  2.7
Dodging        | 3 |  3.7

Action                   |  1- 3 |  4- 6 || total
-------------------------+-------+-------++-------
Melee: Spear             |   106 |   177 ||   283
       Headbutt          |     8 |    23 ||    31
Invok: Berserk           |       |     3 ||     3
 Stab: Sleeping          |     1 |       ||     1
Armor: Animal skin       |     8 |     5 ||    13
       Ring mail         |       |    55 ||    55
Dodge: Dodged            |    40 |    43 ||    83
Block: Tower shield      |    31 |   130 ||   161

Table legend: (Time is in decaauts)
 A = Elapsed time spent in this place.
 B = Non-inter-level travel time spent in this place.
 C = Inter-level travel time spent in this place.
 D = Time resting spent in this place.
 E = Time spent auto-exploring this place.
 F = Levels seen in this place.
 G = Mean time per level.
                   A        B        C        D        E       F      G
               +--------+--------+--------+--------+--------+-----+--------+
         Total |   3454 |   3414 |     40 |    707 |   2179 |   3 | 1151.3 |
       Dungeon |   3454 |   3414 |     40 |    707 |   2179 |   3 | 1151.3 |
               +--------+--------+--------+--------+--------+-----+--------+

Top non-repeatable levels by time:
     D:2: 2151 daAuts
     D:1: 826 daAuts
     D:3: 477 daAuts
